 Dungeon Crawl Stone Soup version 0.27-a0-1228-gfd60fd639a (webtiles) character file.

Game seed: 15528486448827072426

75 Shayle the Skirmisher (level 4, 0/35 HPs)
             Began as a Demonspawn Warper on June 7, 2021.
             Slain by a water moccasin zombie (4 damage)
             ... on level 3 of the Dungeon.
             The game lasted 00:05:03 (2651 turns).

Shayle the Skirmisher (Demonspawn Warper)           Turns: 2651, Time: 00:05:04

Health: 0/35       AC:  5    Str: 11    XL:     4   Next: 11%
Magic:  7/7        EV: 10    Int: 16    God:
Gold:   82         SH:  0    Dex: 14    Spells: 2/7 levels left

rFire    . . .     SeeInvis .   a - +0 falchion
rCold    . . .     Faith    .   (no shield)
rNeg     . . .     Spirit   .   c - +0 ring mail
rPois    .         Reflect  .   (no helmet)
rElec    .         Harm     .   (no cloak)
rCorr    .         Rampage  .   (no gloves)
Will     .....                  (no boots)
Stlth    ++........             (no amulet)
HPRegen  0.11/turn              (no ring)
MPRegen  0.10/turn              (no ring)

@: no status effects
A: thin skeletal structure 1, foul stench 1
a: no special abilities


You were on level 3 of the Dungeon.
You visited 1 branch of the dungeon, and saw 3 of its levels.

You collected 82 gold pieces.

Inventory:

Hand Weapons
 a - a +0 falchion (weapon)
Missiles
 e - 5 boomerangs of dispersal
 g - 11 poisoned darts (quivered)
Armour
 b - a +0 leather armour
 c - a +0 ring mail (worn)
Scrolls
 d - a scroll of blinking
 i - 2 scrolls of identify {unknown}
 j - a scroll of noise {unknown}
 l - a scroll of magic mapping {unknown}
 m - 2 scrolls of enchant armour {unknown}
 o - a scroll of teleportation {unknown}
Potions
 f - a potion of heal wounds {unknown}
 h - a potion of lignification {unknown}
 k - a potion of ambrosia {unknown}
 n - a potion of berserk rage {unknown}


   Skills:
 + Level 3.0 Fighting
 + Level 2.6 Long Blades
 - Level 0.8 Throwing
 + Level 2.1 Armour
 - Level 1.7 Dodging
 - Level 2.0 Spellcasting
 - Level 2.6 Translocations


You had 2 spell levels left.
You knew the following spells:

 Your Spells              Type           Power      Damage    Failure   Level
a - Blink                 Tloc           N/A        N/A       24%         2
b - Teleport Other        Tloc           10%        N/A       43%         3

Your spell library contained the following spells:

 Spells                   Type           Power      Damage    Failure   Level
 Gell's Gravitas          Tloc           5%         N/A       43%         3
 Lesser Beckoning         Tloc           5%         N/A       43%         3
 Manifold Assault         Tloc           10%        N/A       99%         5


Dungeon Overview and Level Annotations

Branches:
Dungeon (3/15)

Altars:


Innate Abilities, Weirdness & Mutations

You have a somewhat thin skeletal structure. (Dex +2, Stealth+)
You may rarely emit foul miasma when damaged in melee.


Message History

You barely miss the water moccasin zombie.
The water moccasin zombie completely misses you.
You closely miss the water moccasin zombie.
The water moccasin zombie bites you but does no damage.
The water moccasin zombie bites you.
You closely miss the water moccasin zombie.
The water moccasin zombie misses you.
You closely miss the water moccasin zombie.
The water moccasin zombie closely misses you.
You riposte.
You hit the water moccasin zombie.
The water moccasin zombie is lightly damaged.
The water moccasin zombie bites you.
You hit the water moccasin zombie.
The water moccasin zombie is moderately damaged.
The water moccasin zombie barely misses you.
Your ring mail prevents you from hitting the water moccasin zombie.
The water moccasin zombie is moderately damaged.
The water moccasin zombie bites you.
You emit a cloud of foul miasma!
You hit the water moccasin zombie.
The water moccasin zombie is moderately damaged.
The water moccasin zombie closely misses you.
You riposte.
You hit the water moccasin zombie.
The water moccasin zombie is heavily damaged.
The water moccasin zombie closely misses you.
You hit the water moccasin zombie but do no damage.
The water moccasin zombie is heavily damaged.
The water moccasin zombie bites you.
You hit the water moccasin zombie.
The water moccasin zombie is heavily damaged.
The water moccasin zombie closely misses you.
You hit the water moccasin zombie but do no damage.
The water moccasin zombie is heavily damaged.
The water moccasin zombie bites you!
* * * LOW HITPOINT WARNING * * *
The water moccasin zombie bites you.
* * * LOW HITPOINT WARNING * * *
You hit the water moccasin zombie.
The water moccasin zombie is heavily damaged.
The water moccasin zombie bites you.
You die...

.####.##.......# #.#
.# #.##.......# #.# .#
#.##.......# .#
#.####...#.##### .#
#.# #.........# .#
#.####.#>#.###.#
.####......#.#.###.#.#
.......#####.#.#.Z...#
.......# #.#..@#
.......# #.###.#
.......# #.. ..#
.......# #######
.......# ########


You could see a water moccasin zombie.

Vanquished Creatures
  2 adders
  2 worms (D:2)
  3 dart slugs
  3 ball pythons
  4 endoplasms
  A giant cockroach (D:3)
  4 goblins
  4 hobgoblins
  5 jackals
  2 kobolds
  2 quokkas
  3 bats
  4 frilled lizards (D:1)
  3 rats
42 creatures vanquished.

Vanquished Creatures (others)
  2 plants (D:2)
2 creatures vanquished.

Grand Total: 44 creatures vanquished

Notes
Turn   | Place    | Note
-------+----------+-------------------------------------------
     0 | D:1      | Shayle the Demonspawn Warper began the quest for the Orb.
     0 | D:1      | Reached XP level 1. HP: 16/16 MP: 3/3
    46 | D:1      | Reached skill level 1 in Armour
   331 | D:1      | Gained mutation: You may rarely emit foul miasma when
                  | damaged in melee. [demonic ancestry]
   331 | D:1      | Reached XP level 2. HP: 14/22 MP: 5/5
  1101 | D:3      | Reached XP level 3. HP: 27/28 MP: 6/6
  1104 | D:3      | Learned a level 2 spell: Blink
  1108 | D:3      | Learned a level 3 spell: Teleport Other
  1887 | D:2      | Found a faded altar of an unknown god.
  1958 | D:2      | Reached skill level 3 in Fighting
  1958 | D:2      | Gained mutation: You have a somewhat thin skeletal
                  | structure. (Dex +2, Stealth+) [demonic ancestry]
  1958 | D:2      | Reached XP level 4. HP: 30/35 MP: 7/7
  2137 | D:2      | HP: 1/35 [worm (10)]
  2651 | D:3      | Slain by a water moccasin zombie

Illustrated notes

Levels and vault maps discovered:
D:1:      wheals_arrival_linesprint, layout_rooms, palyth_stone_intersect
D:2:      layout_rooms, shapermc_ecumenical_altar_flowoftime
D:3:      layout_basic, nicolae_ru_path_of_blood

Skill      XL: |  1  2  3 |
---------------+----------+-----
Armour         | 1 2 |  2.1
Long Blades    | 2 |  2.6
Fighting       | 3 |  3.0
Throwing       | |  0.8
Dodging        | |  1.7
Spellcasting   | |  2.0
Translocations | |  2.6

Action                   |  1- 3 |  4- 6 || total
-------------------------+-------+-------++-------
Melee: Falchion          |   136 |    32 ||   168
Throw: Dart              |    10 |       ||    10
  Use: Scroll            |     1 |       ||     1
Armor: Ring mail         |    80 |     5 ||    85
Dodge: Dodged            |    95 |    12 ||   107
       Rpst.: Falchion   |    34 |     3 ||    37

Table legend: (Time is in decaauts)
 A = Elapsed time spent in this place.
 B = Non-inter-level travel time spent in this place.
 C = Inter-level travel time spent in this place.
 D = Time resting spent in this place.
 E = Time spent auto-exploring this place.
 F = Levels seen in this place.
 G = Mean time per level.
                   A        B        C        D        E       F      G
               +--------+--------+--------+--------+--------+-----+--------+
         Total |   2684 |   2618 |     66 |    244 |   1785 |   3 |  894.7 |
       Dungeon |   2684 |   2618 |     66 |    244 |   1785 |   3 |  894.7 |
               +--------+--------+--------+--------+--------+-----+--------+

Top non-repeatable levels by time:
     D:2: 951 daAuts
     D:1: 945 daAuts
     D:3: 787 daAuts
